[Event "Titled Tuesday Blitz August 1 Early 2023"]
[White "Perez, Maximiliano"]
[Black "Tristan, Leonardo"]
[WhiteFideId "117234"]
[BlackFideId "113816"]
[WhiteElo "2543"]
[BlackElo "2768"]
[Result "0-1"]
[Round "3"]
[TimeControl "180+1"]
[Date "2023.08.01"]
[WhiteClock "0:00:00"]
[BlackClock "0:00:14"]
[Board "45"]

1. e4 d5 2. exd5 Qxd5 3. Nc3 Qa5 4. d4 Nf6 5. Bc4 Bg4 6. Ne2 Nc6 7. f3 Be6 8. Bxe6 fxe6 9. Qd3 O-O-O 10. Qc4 e5 11. Be3 exd4 12. Nxd4 Nxd4 13. Bxd4 e5 14. Be3 Bb4 15. O-O Bxc3 16. bxc3 Nd5 17. Bd2 Rd6 18. Rad1 Kb8 19. Qg4 g6 20. c4 Qc5+ 21. Kh1 Nb6 22. Bh6 Qxc4 23. Rde1 Re8 24. Qg5 a6 25. Rf2 Qxa2 26. h4 Qa5 27. Rfe2 Nc4 28. Re4 Qd5 29. Bg7 Rde6 30. f4 Nd6 31. Rxe5 Rxe5 32. fxe5 Nf5 33. Bf6 Qc4 34. Kh2 Re6 35. Kh3 Qc3+ 0-1


[Site "https://www.chess.com"]

[Event "Titled Tuesday Blitz August 1 Early 2023"]
[White "Kuznetsov, Mikhail"]
[Black "Kobo, Ori"]
[WhiteFideId "4117190"]
[BlackFideId "2812320"]
[WhiteElo "2450"]
[BlackElo "2765"]
[Result "1-0"]
[Round "3"]
[TimeControl "180+1"]
[Date "2023.08.01"]
[WhiteClock "0:01:06"]
[BlackClock "0:00:44"]
[Board "46"]

1. Nf3 Nf6 2. g3 g6 3. b3 Bg7 4. Bb2 d6 5. d4 O-O 6. Bg2 Bf5 7. O-O c6 8. c4 a5 9. Nc3 Ne4 10. Nh4 Nxc3 11. Bxc3 Be6 12. Qd2 d5 13. cxd5 cxd5 14. Rac1 Nc6 15. Nf3 Qb6 16. e3 h6 17. Ne1 Rfd8 18. Nd3 Bf5 19. Nc5 e5 20. Na4 Qa7 21. dxe5 b5 22. Nb2 Bxe5 23. Bxe5 Nxe5 24. Qd4 Qe7 25. Rc5 Be4 26. Bxe4 dxe4 27. Qxe5 1-0


[Site "https://www.chess.com"]

[Event "Titled Tuesday Blitz August 1 Early 2023"]
[White "Kirillov, Dmitry"]
[Black "Cherniaiev, Tykhon"]
[WhiteFideId "34180572"]
[BlackFideId "14182360"]
[WhiteElo "2445"]
[BlackElo "2765"]
[Result "0-1"]
[Round "3"]
[TimeControl "180+1"]
[Date "2023.08.01"]
[WhiteClock "0:00:10"]
[BlackClock "0:02:06"]
[Board "47"]

1. d4 Nf6 2. Nf3 e6 3. c4 d5 4. e3 Be7 5. b3 O-O 6. Bb2 c5 7. cxd5 exd5 8. dxc5 Bxc5 9. Be2 Nc6 10. O-O Be6 11. Nc3 h6 12. Rc1 Be7 13. Nb5 Rc8 14. Nbd4 Nxd4 15. Qxd4 Qa5 16. a3 a6 17. b4 Qa4 18. Ne5 a5 19. bxa5 Qxa5 20. Nd3 Rc4 21. Rxc4 dxc4 22. Nf4 Rd8 23. Qc3 Qxc3 24. Bxc3 Ne4 25. Nxe6 Nxc3 26. Nxd8 Nxe2+ 27. Kh1 Bxd8 28. Re1 Nc3 29. Rc1 Bf6 30. f3 b5 31. e4 Ne2 32. Re1 Nd4 33. e5 Be7 34. Rd1 c3 0-1


[Site "https://www.chess.com"]

[Event "Titled Tuesday Blitz August 1 Early 2023"]
[White "Papp, Petra"]
[Black "Starozhilov, Leonid"]
[WhiteFideId "739049"]
[BlackFideId "14106752"]
[WhiteElo "2432"]
[BlackElo "2761"]
[Result "1-0"]
[Round "3"]
[TimeControl "180+1"]
[Date "2023.08.01"]
[WhiteClock "0:00:05"]
[BlackClock "0:00:03"]
[Board "48"]

1. e4 g6 2. d4 Bg7 3. Nf3 d6 4. Nc3 Nf6 5. Be2 Bg4 6. Be3 O-O 7. O-O Nc6 8. d5 Bxf3 9. Bxf3 Ne5 10. Be2 c6 11. f4 Ned7 12. dxc6 bxc6 13. Qd3 Qa5 14. a3 Qc7 15. Kh1 a5 16. Na4 Rfb8 17. Bf3 e6 18. c4 Ne8 19. Rab1 Rb7 20. Bd1 Rab8 21. b3 c5 22. Bc2 Ndf6 23. Nc3 Ng4 24. Bg1 Qc6 25. a4 Bxc3 26. Qxc3 e5 27. Rbd1 Ngf6 28. Qf3 Nd7 29. Rd2 exf4 30. Qxf4 Ne5 31. Rfd1 Re7 32. h3 Rd8 33. Bf2 Ng7 34. Bh4 Ne6 35. Qf2 Red7 36. Bf6 h5 37. Rd5 Nd4 38. Bxd8 Rxd8 39. R1xd4 cxd4 40. Qxd4 Rc8 41. c5 dxc5 42. Qxe5 c4 43. bxc4 Qxc4 44. Bd3 Qc1+ 45. Kh2 Qe3 46. Rd7 Rf8 47. Bc4 h4 48. Qd6 Qg5 49. Qc7 Kg7 50. Rxf7+ Rxf7 51. Qxf7+ Kh6 52. Qf8+ Kh7 53. Bg8+ Kh8 54. Bf7+ Kh7 55. Qg8+ Kh6 56. Qh8# 1-0


[Site "https://www.chess.com"]

[Event "Titled Tuesday Blitz August 1 Early 2023"]
[White "Al Mukhaini, Shima"]
[Black "Xu, Yi"]
[WhiteFideId "22005854"]
[BlackFideId "8605564"]
[WhiteElo "2406"]
[BlackElo "2755"]
[Result "1-0"]
[Round "3"]
[TimeControl "180+1"]
[Date "2023.08.01"]
[WhiteClock "0:01:20"]
[BlackClock "0:00:03"]
[Board "49"]

1. e4 c5 2. Nf3 d6 3. d4 cxd4 4. Nxd4 Nf6 5. Nc3 a6 6. Bg5 Nbd7 7. f4 h6 8. Bxf6 gxf6 9. Qf3 h5 10. O-O-O Bh6 11. Kb1 Qa5 12. Nf5 Nc5 13. Bc4 Nxe4 14. Bxf7+ Kxf7 15. Nxh6+ Rxh6 16. Qxe4 Qf5 17. Qe3 Be6 18. Rhe1 Rc8 19. g3 b5 20. a3 a5 21. Qa7 b4 22. axb4 axb4 23. Rxd6 bxc3 24. Rdxe6 Qxe6 25. Rxe6 Kxe6 26. f5+ Kd6 27. Qd4+ Kc6 28. Qxc3+ Kd7 29. Qd2+ 1-0


[Site "https://www.chess.com"]

[Event "Titled Tuesday Blitz August 1 Early 2023"]
[White "Matinian, Nikita"]
[Black "Begunov, Konstantin"]
[WhiteFideId "24129100"]
[BlackFideId "4118510"]
[WhiteElo "2745"]
[BlackElo "2400"]
[Result "1-0"]
[Round "3"]
[TimeControl "180+1"]
[Date "2023.08.01"]
[WhiteClock "0:00:32"]
[BlackClock "0:00:00"]
[Board "50"]

1. e4 c5 2. Nf3 d6 3. d4 cxd4 4. Nxd4 Nf6 5. Nc3 a6 6. h3 b5 7. a4 bxa4 8. Rxa4 Bb7 9. Bg5 Nbd7 10. Bxf6 Nxf6 11. Bc4 e6 12. Qe2 Qb6 13. O-O Be7 14. Bxe6 fxe6 15. Nxe6 Kf7 16. Qc4 d5 17. exd5 Rhc8 18. Ng5+ Kf8 19. Qa2 Rxc3 20. bxc3 Bxd5 21. Nxh7+ Kf7 22. Ng5+ Kg6 23. c4 Bxg2 24. Kxg2 Kxg5 25. Re1 Qc6+ 26. f3 Bc5 27. Ra5 Nh5 28. Re5+ Kf6 29. Raxc5 Nf4+ 30. Kg3 Ne2+ 31. Kf2 Qd6 32. Kxe2 Rd8 33. Rcd5 1-0


[Site "https://www.chess.com"]

[Event "Titled Tuesday Blitz August 1 Early 2023"]
[White "Weetik, Vjacheslav"]
[Black "Prydun, Andriy"]
[WhiteFideId "4153472"]
[BlackFideId "14145898"]
[WhiteElo "2742"]
[BlackElo "2359"]
[Result "1-0"]
[Round "3"]
[TimeControl "180+1"]
[Date "2023.08.01"]
[WhiteClock "0:00:18"]
[BlackClock "0:00:00"]
[Board "51"]

1. d4 Nf6 2. c4 e6 3. g3 d5 4. Nf3 Be7 5. Bg2 O-O 6. O-O Nbd7 7. Nc3 c6 8. Qd3 b6 9. e4 Ba6 10. b3 c5 11. e5 Ne8 12. Rd1 Nc7 13. Qc2 Rc8 14. dxc5 Bxc5 15. Ng5 g6 16. Bf4 Qe7 17. h4 dxc4 18. Nce4 cxb3 19. axb3 Bb5 20. Rxa7 Nd5 21. Rxd5 exd5 22. Nf6+ Kg7 23. Qd2 h6 24. Ngh7 g5 25. hxg5 Rfd8 26. gxh6+ Kh8 27. Ng5 Ra8 28. Nxd5 Qf8 29. Rxa8 Rxa8 30. Nc7 1-0


[Site "https://www.chess.com"]

[Event "Titled Tuesday Blitz August 1 Early 2023"]
[White "Galchenko, Matvey"]
[Black "Li, Eric"]
[WhiteFideId "24175480"]
[BlackFideId "30939941"]
[WhiteElo "2893"]
[BlackElo "2381"]
[Result "1-0"]
[Round "3"]
[TimeControl "180+1"]
[Date "2023.08.01"]
[WhiteClock "0:00:06"]
[BlackClock "0:00:02"]
[Board "52"]

1. f4 d5 2. Nf3 Nf6 3. g3 c5 4. Bg2 Nc6 5. O-O g6 6. d3 Bg7 7. Nc3 O-O 8. e4 dxe4 9. dxe4 e5 10. Qxd8 Rxd8 11. Nxe5 Nxe5 12. fxe5 Ng4 13. Bg5 Re8 14. Nd5 Bxe5 15. h3 f6 16. Bd2 Bd4+ 17. Kh1 Nf2+ 18. Rxf2 Bxf2 19. Nxf6+ Kf7 20. Nxe8 Kxe8 21. Kh2 Bd4 22. c3 Bg7 23. e5 Be6 24. b3 Rb8 25. Re1 b5 26. Bg5 Kd7 27. Rd1+ Ke8 28. Rd6 Rb6 29. Rd8+ Kf7 30. Be3 Bxe5 31. Bxc5 Ra6 32. Rf8+ Kg7 33. Rf2 Bxc3 34. Bb7 Ra5 35. Re2 Kf7 36. Rf2+ Kg7 37. Bf8+ Kg8 38. Bh6 Bg7 39. Be3 b4 40. Bc6 a6 41. Rd2 Rf5 42. Kg2 Rf8 43. Bf3 Be5 44. Be2 Bc8 45. Bc4+ Kg7 46. Bc5 Bb7+ 47. Kh2 Rc8 48. Rd7+ Kh6 49. Be3+ g5 50. Rxb7 Bc3 51. Rb6+ Kg7 52. Rb7+ Kh6 53. Kg2 Re8 54. Kf3 Rf8+ 55. Ke2 Re8 56. Bd3 Bd4 57. Rxh7# 1-0


[Site "https://www.chess.com"]

[Event "Titled Tuesday Blitz August 1 Early 2023"]
[White "Gireman, Ja"]
[Black "Ter-Sahakyan, Samvel"]
[WhiteFideId "5043794"]
[BlackFideId "13302531"]
[WhiteElo "2571"]
[BlackElo "2843"]
[Result "0-1"]
[Round "3"]
[TimeControl "180+1"]
[Date "2023.08.01"]
[WhiteClock "0:00:10"]
[BlackClock "0:00:21"]
[Board "53"]

1. e4 c5 2. Nf3 e6 3. d4 cxd4 4. Nxd4 Nf6 5. Nc3 Nc6 6. Be2 Bb4 7. Nxc6 bxc6 8. O-O d5 9. e5 Nd7 10. f4 O-O 11. Kh1 f6 12. exf6 Nxf6 13. Be3 Bd6 14. Bf3 Bb7 15. Re1 c5 16. Na4 Qc7 17. c4 d4 18. Bd2 Rae8 19. Rc1 Bxf3 20. Qxf3 Kh8 21. Qe2 e5 22. fxe5 Bxe5 23. Qf3 h6 24. Qh3 Qc6 25. Bxh6 Kg8 26. Rxe5 Rxe5 27. Bxg7 Rh5 28. Qg3 Ne4 29. Qe1 0-1


[Site "https://www.chess.com"]

[Event "Titled Tuesday Blitz August 1 Early 2023"]
[White "Sadykov, Ramil"]
[Black "Rustemov, Alexander"]
[WhiteFideId "24113590"]
[BlackFideId "4119002"]
[WhiteElo "2566"]
[BlackElo "2838"]
[Result "1/2-1/2"]
[Round "3"]
[TimeControl "180+1"]
[Date "2023.08.01"]
[WhiteClock "0:00:47"]
[BlackClock "0:01:05"]
[Board "54"]

1. e4 e6 2. d4 d5 3. exd5 exd5 4. Bd3 Nc6 5. c3 Bd6 6. Qf3 Nge7 7. Ne2 Be6 8. Bf4 Qd7 9. Bxd6 Qxd6 10. Qg3 Qxg3 11. hxg3 Bf5 12. Bxf5 Nxf5 13. Nf4 O-O-O 14. Nd2 Rhe8+ 15. Kf1 h6 16. g4 Nfe7 17. Nh5 Rg8 18. Re1 Ng6 19. f4 f6 20. Kf2 Nh8 21. f5 Nf7 22. Nf4 Ng5 23. Ne6 Nxe6 24. Rxe6 Rge8 25. Rhe1 Rxe6 26. Rxe6 Kd7 27. Ke3 Re8 28. Rxe8 Kxe8 29. Nb3 b6 30. Nc1 1/2-1/2


[Site "https://www.chess.com"]

[Event "Titled Tuesday Blitz August 1 Early 2023"]
[White "AliNiknaddaf"]
[Black "Ozen, Bahadir"]
[BlackFideId "6337058"]
[WhiteElo "2565"]
[BlackElo "2813"]
[Result "0-1"]
[Round "3"]
[TimeControl "180+1"]
[Date "2023.08.01"]
[WhiteClock "0:00:01"]
[BlackClock "0:00:15"]
[Board "55"]

1. e4 d6 2. d4 Nf6 3. Nc3 e5 4. dxe5 dxe5 5. Qxd8+ Kxd8 6. Bc4 Ke8 7. Bg5 Nbd7 8. O-O-O Bd6 9. f3 h6 10. Bh4 a6 11. a3 b5 12. Ba2 Bb7 13. Nge2 Rc8 14. g4 Bc5 15. Rhf1 Be3+ 16. Kb1 c6 17. Ng3 g6 18. Nge2 Rc7 19. Bg3 h5 20. h3 hxg4 21. hxg4 Bc8 22. Rh1 Rxh1 23. Rxh1 Kf8 24. Nd1 Bc5 25. Nf2 Kg7 26. Nd3 Bd6 27. Bh4 a5 28. Bg5 Ng8 29. Bd8 Ra7 30. g5 Bc7 31. Bxc7 Rxc7 32. f4 exf4 33. Nexf4 Nb6 34. e5 Bf5 35. e6 Nc4 36. exf7 Rxf7 37. Kc1 Re7 38. Re1 Rxe1+ 39. Nxe1 Nd6 40. Nf3 c5 41. Ne5 Ne7 42. Ned3 c4 43. Ne5 Ne4 44. Ne6+ Bxe6 45. b4 axb4 46. axb4 Nxg5 47. Kd2 Nf7 48. Nxf7 Kxf7 49. c3 Nc6 50. Ke3 Bf5 51. Kf4 Kf6 52. Kg3 g5 53. Bb1 Bxb1 0-1


[Site "https://www.chess.com"]

[Event "Titled Tuesday Blitz August 1 Early 2023"]
[White "Nazari, Arad"]
[Black "Pastar, Slaven"]
[WhiteFideId "12577324"]
[BlackFideId "14402718"]
[WhiteElo "2798"]
[BlackElo "2559"]
[Result "0-1"]
[Round "3"]
[TimeControl "180+1"]
[Date "2023.08.01"]
[WhiteClock "0:00:06"]
[BlackClock "0:00:39"]
[Board "56"]

1. e4 b6 2. d4 Bb7 3. Nc3 e6 4. f4 Nf6 5. Nf3 Nxe4 6. Bd3 Bb4 7. Bd2 Nxd2 8. Qxd2 Bxf3 9. gxf3 Qh4+ 10. Ke2 Nc6 11. Be4 d5 12. Bd3 Nxd4+ 13. Kd1 c5 14. a3 Bxc3 15. bxc3 Nc6 16. Bb5 Rc8 17. f5 O-O 18. fxe6 fxe6 19. Re1 Rf6 20. Kc1 a6 21. Bxa6 Rcf8 22. Bb5 Na5 23. Kb2 Nc4+ 24. Bxc4 Qxc4 25. a4 Rxf3 26. Rxe6 d4 27. Qe2 Qxc3+ 28. Ka2 Rf2 0-1


[Site "https://www.chess.com"]

[Event "Titled Tuesday Blitz August 1 Early 2023"]
[White "Postlmayer, Jakob"]
[Black "Bauman_Guy"]
[WhiteFideId "1643622"]
[WhiteElo "2551"]
[BlackElo "2790"]
[Result "1/2-1/2"]
[Round "3"]
[TimeControl "180+1"]
[Date "2023.08.01"]
[WhiteClock "0:00:04"]
[BlackClock "0:00:08"]
[Board "57"]

1. e4 c5 2. Nf3 d6 3. Bb5+ Nd7 4. O-O a6 5. Bd3 g6 6. c3 Bg7 7. Re1 Ngf6 8. Bc2 O-O 9. d4 e5 10. Nbd2 b5 11. a4 Bb7 12. d5 c4 13. b3 cxb3 14. Nxb3 Qc7 15. Bb2 Nb6 16. Nbd2 Nfd7 17. Qe2 Nxa4 18. Bxa4 bxa4 19. Rxa4 Nc5 20. Ra2 f5 21. c4 Rfc8 22. Rc1 a5 23. Rc2 Ba6 24. Ba3 Bh6 25. h4 Rab8 26. Bxc5 Qxc5 27. Ng5 Bxg5 28. hxg5 f4 29. Qg4 Re8 30. Qd7 Rbd8 31. Qa4 Bc8 32. Qxa5 Qd4 33. Qc3 Qc5 34. Nb3 Qc7 35. c5 dxc5 36. Qxc5 Qb8 37. Na5 Qb1+ 38. Kh2 f3 39. Rab2 Qf1 40. gxf3 Rf8 41. Rc1 Qh3+ 42. Kg1 Rxf3 43. Nc6 Rdf8 44. Ne7+ Kh8 45. Qxc8 Rxc8 46. Rxc8+ Kg7 47. Rb7 Rg3+ 48. fxg3 Qxg3+ 49. Kf1 Qf3+ 50. Kg1 Qg3+ 51. Kf1 Qf3+ 52. Kg1 Qg3+ 1/2-1/2


[Site "https://www.chess.com"]

[Event "Titled Tuesday Blitz August 1 Early 2023"]
[White "Rahman, Masruri"]
[Black "Dinosaurio_1975"]
[WhiteFideId "7101163"]
[WhiteElo "2786"]
[BlackElo "2548"]
[Result "0-1"]
[Round "3"]
[TimeControl "180+1"]
[Date "2023.08.01"]
[WhiteClock "0:00:13"]
[BlackClock "0:00:25"]
[Board "58"]

1. d4 d5 2. Bf4 c5 3. e3 Nc6 4. c3 Qb6 5. Qb3 c4 6. Qc2 e5 7. Bg3 Bf5 8. Qc1 h5 9. h3 h4 10. Bh2 exd4 11. exd4 O-O-O 12. Be2 Re8 13. Kf1 Nf6 14. a4 Na5 15. Qf4 g6 16. Nf3 Bh6 17. Ng5 Nb3 18. a5 Qc6 19. Ra4 Bxg5 20. Qxg5 Qxa4 21. Qf4 Qc6 22. Na3 Nh5 23. Bxh5 Bd3+ 24. Be2 Rxe2 25. Qb8+ Kd7 26. Qxh8 0-1


[Site "https://www.chess.com"]

[Event "Titled Tuesday Blitz August 1 Early 2023"]
[White "Aradhya, Garg"]
[Black "Golubev, Mikhail"]
[WhiteFideId "25006746"]
[BlackFideId "14100983"]
[WhiteElo "2755"]
[BlackElo "2546"]
[Result "1-0"]
[Round "3"]
[TimeControl "180+1"]
[Date "2023.08.01"]
[WhiteClock "0:01:06"]
[BlackClock "0:00:10"]
[Board "59"]

1. d4 Nf6 2. c4 g6 3. g3 Bg7 4. Bg2 O-O 5. Nc3 d6 6. Nf3 c6 7. e4 Nbd7 8. O-O e5 9. h3 exd4 10. Nxd4 Qb6 11. Re1 Re8 12. Nb3 Ne5 13. Qxd6 Nxc4 14. Qc5 Qxc5 15. Nxc5 Nd7 16. Nd3 Nde5 17. Nxe5 Nxe5 18. Rd1 Be6 19. f4 Nc4 20. e5 Rad8 21. b3 Rxd1+ 22. Nxd1 Rd8 23. Ne3 Nxe3 24. Bxe3 f6 25. Bxa7 fxe5 26. fxe5 Bd5 27. Re1 Bxg2 28. Kxg2 Rd2+ 29. Kf3 Rxa2 30. e6 Kf8 31. Bc5+ Ke8 32. Rd1 Bf8 33. e7 Bxe7 34. Re1 Rb2 35. Rxe7+ Kd8 36. Rxb7 1-0


[Site "https://www.chess.com"]

[Event "Titled Tuesday Blitz August 1 Early 2023"]
[White "ATM622"]
[Black "djokovic74"]
[WhiteElo "2543"]
[BlackElo "2755"]
[Result "0-1"]
[Round "3"]
[TimeControl "180+1"]
[Date "2023.08.01"]
[WhiteClock "0:01:43"]
[BlackClock "0:02:22"]
[Board "60"]

1. d4 e6 2. c4 Nf6 3. g3 d5 4. Bg2 Be7 5. Nf3 O-O 6. O-O c6 7. Nc3 b6 8. Qd3 Ba6 9. Nd2 Nbd7 10. e4 dxc4 11. Nxc4 Ne5 12. Nxe5 Bxd3 13. Nxd3 Qxd4 14. Rd1 Qd7 15. Bf4 Qb7 16. Rac1 Rfd8 17. Ne5 Rxd1+ 18. Rxd1 Rd8 19. Rxd8+ Bxd8 20. Nc4 Bc7 21. Nd6 Bxd6 22. Bxd6 Qd7 23. e5 Ne8 24. Ne4 f5 25. exf6 Nxd6 26. fxg7 Nxe4 0-1


[Site "https://www.chess.com"]

[Event "Titled Tuesday Blitz August 1 Early 2023"]
[White "Fantastic_Power"]
[Black "Chor, Kevin"]
[BlackFideId "2090740"]
[WhiteElo "2753"]
[BlackElo "2540"]
[Result "0-1"]
[Round "3"]
[TimeControl "180+1"]
[Date "2023.08.01"]
[WhiteClock "0:00:08"]
[BlackClock "0:00:10"]
[Board "61"]

1. e4 c5 2. Nf3 Nc6 3. d4 cxd4 4. Nxd4 g6 5. c4 Bg7 6. Be3 Nf6 7. Nc3 O-O 8. Be2 d6 9. f3 Bd7 10. O-O Nxd4 11. Bxd4 a5 12. Qd2 Bc6 13. Rab1 Nd7 14. Be3 Nc5 15. b3 e6 16. Rfd1 Be5 17. Nb5 Qh4 18. g3 Bxg3 19. hxg3 Qxg3+ 20. Kf1 Qh3+ 21. Ke1 Qh4+ 22. Bf2 Qh1+ 23. Bf1 Qxf3 24. Qe3 Bxe4 25. Qxf3 Bxf3 26. Rxd6 Ne4 27. Rd3 Bg4 28. Bb6 e5 29. Nd6 Ng5 30. Bg2 e4 31. Rd5 f5 32. c5 Nf3+ 33. Bxf3 Bxf3 34. Kf2 f4 35. Nxb7 Rae8 36. Rd7 Bg4 37. Rd4 e3+ 38. Kg1 Be2 39. Nd6 Re6 40. Re4 Ref6 41. Re1 Bd3 42. Re5 f3 43. Kh2 f2 44. R5xe3 fxe1=Q 45. Rxe1 Rf2+ 46. Kg1 Rf1+ 47. Rxf1 Rxf1+ 48. Kg2 Rc1 49. Nc8 Rc2+ 50. Kg3 Bf5 51. Ne7+ Kf7 52. Nc6 Rxa2 53. Nxa5 Rc2 54. b4 h5 55. c6 g5 56. c7 h4+ 57. Kf3 Kf6 58. Nb7 Ke5 59. Bc5 g4+ 60. Ke3 h3 61. Nd6 Be6 62. Ne4 h2 63. Bd4+ Kd5 64. Ng3 Rc1 65. Bc5 h1=Q 66. Nxh1 Rxh1 67. Kf4 Rf1+ 68. Kg3 Rf3+ 69. Kg2 Rf7 70. Bb6 Kc6 71. Ba5 Rxc7 72. Bxc7 Kxc7 73. Kg3 Kc6 74. Kf4 Kb5 75. Kg3 Kxb4 76. Kf4 0-1


[Site "https://www.chess.com"]

[Event "Titled Tuesday Blitz August 1 Early 2023"]
[White "carokannlover213"]
[Black "Thecourseoisildur"]
[WhiteElo "2747"]
[BlackElo "2538"]
[Result "1-0"]
[Round "3"]
[TimeControl "180+1"]
[Date "2023.08.01"]
[WhiteClock "0:00:07"]
[BlackClock "0:00:04"]
[Board "62"]

1. e4 c5 2. Nf3 e6 3. d4 cxd4 4. Nxd4 Nf6 5. Nc3 Nc6 6. a3 Be7 7. Be3 O-O 8. f4 e5 9. Nxc6 dxc6 10. f5 Nd7 11. Qf3 Bg5 12. O-O-O Bxe3+ 13. Qxe3 Qe7 14. g4 b5 15. g5 b4 16. Nb1 bxa3 17. Nxa3 Qc5 18. Qxc5 Nxc5 19. Re1 f6 20. Bc4+ Kh8 21. gxf6 gxf6 22. Rhg1 Ba6 23. Ba2 Rab8 24. Rg4 Rfd8 25. Reg1 Be2 26. Rg7 Rd1+ 27. Rxd1 Kxg7 28. Rd6 Nxe4 29. Rxc6 Rd8 30. Rc7+ Kh6 31. b4 Kg5 32. Kb2 Kxf5 33. Rxa7 Ng5 34. h4 Nf3 35. Rxh7 e4 36. b5 e3 37. Re7 Ne5 38. b6 Rb8 39. b7 Ba6 40. Kc3 Rxb7 41. Rxb7 Bxb7 42. Nc4 Nxc4 43. Bxc4 Kf4 44. h5 Kf3 45. Bd3 Bd5 46. h6 Bg8 47. Kd4 e2 48. Bxe2+ Kxe2 49. c4 Kf3 50. c5 f5 51. c6 f4 52. c7 Ke2 53. c8=Q f3 54. Qxg8 f2 55. Qg2 Ke1 56. Qxf2+ Kxf2 57. h7 Kg3 58. h8=Q 1-0


[Site "https://www.chess.com"]

[Event "Titled Tuesday Blitz August 1 Early 2023"]
[White "Toropov, Pavel"]
[Black "Amilal Munkhdalai"]
[WhiteFideId "24129178"]
[BlackFideId "4903250"]
[WhiteElo "2536"]
[BlackElo "2725"]
[Result "0-1"]
[Round "3"]
[TimeControl "180+1"]
[Date "2023.08.01"]
[WhiteClock "0:00:01"]
[BlackClock "0:00:22"]
[Board "63"]

1. e4 c5 2. Nf3 Nc6 3. d3 e6 4. Nc3 d5 5. exd5 exd5 6. d4 c4 7. Bf4 a6 8. g3 Nf6 9. Bg2 Bb4 10. O-O O-O 11. Ne5 Be6 12. a3 Bxc3 13. bxc3 Ne4 14. Qe1 Qa5 15. Nxc4 dxc4 16. Qxe4 Rad8 17. Qe3 Bd5 18. Bxd5 Qxd5 19. Rfe1 Qd7 20. Rab1 b5 21. Bg5 f6 22. Bf4 g5 23. Bxg5 fxg5 24. Qxg5+ Kh8 25. Re4 Qd5 26. Qe3 Rf7 27. Re1 Rdf8 28. f4 Qd7 29. Re6 Rf5 30. Qe4 Nd8 31. Rxa6 Qg7 32. Kh1 h5 33. Rd6 R5f6 34. Rxf6 Qxf6 35. Qe7 Qxe7 36. Rxe7 Nc6 37. Rc7 Rf6 38. Kg2 Kg8 39. Kh3 Kf8 40. Kh4 Ne7 41. Ra7 Nd5 42. Kxh5 Nxc3 43. Kg5 Rd6 44. f5 Rxd4 45. f6 Nd5 46. Kg6 Rg4+ 47. Kf5 Rd4 48. Ke6 Nb6 49. Rb7 Nc8 50. Rb8 Rd6+ 51. Kf5 Rd8 52. Kg6 Re8 53. f7 Re6+ 54. Kf5 Rc6 55. Rb7 Nd6+ 56. Ke6 Nxb7+ 57. Ke5 Kxf7 0-1


[Site "https://www.chess.com"]

[Event "Titled Tuesday Blitz August 1 Early 2023"]
[White "Yanchenko, Roman"]
[Black "Jaskolka, Tomasz"]
[WhiteFideId "4137329"]
[BlackFideId "1170791"]
[WhiteElo "2724"]
[BlackElo "2525"]
[Result "1-0"]
[Round "3"]
[TimeControl "180+1"]
[Date "2023.08.01"]
[WhiteClock "0:00:17"]
[BlackClock "0:00:01"]
[Board "64"]

1. d4 d5 2. Nf3 Nc6 3. c4 e5 4. dxe5 d4 5. a3 a5 6. Bf4 Nge7 7. Nbd2 Ng6 8. g3 Nxf4 9. gxf4 f6 10. Bg2 fxe5 11. Nxe5 Nxe5 12. fxe5 Qg5 13. Bd5 c6 14. Nf3 Qf4 15. Qxd4 Qxd4 16. Nxd4 cxd5 17. cxd5 Bc5 18. Nb5 O-O 19. e3 Bd7 20. Nc3 Bg4 21. Rg1 h5 22. Rg3 Rae8 23. f4 Kh7 24. Ne4 Be7 25. d6 Bh4 26. Kd2 Bxg3 27. hxg3 Rc8 28. b4 Kg6 29. Nc3 axb4 30. axb4 Rc4 31. Nd5 Be6 32. Nc7 Kf5 33. Kd3 Rc8 34. e4+ Rxe4 35. Nxe6 Rxb4 36. Nxg7+ Kg6 37. Ne6 Rb3+ 38. Ke4 Rc4+ 39. Nd4 Rbb4 40. Rd1 Kf7 41. f5 Rc3 42. e6+ Ke8 43. d7+ Ke7 44. f6+ Kd8 45. f7 Ke7 46. f8=Q+ Kxf8 47. d8=Q+ Kg7 48. Qg5+ Kf8 49. Rf1+ Ke8 50. Rf7 Rcc4 51. Qg8# 1-0


[Site "https://www.chess.com"]

[Event "Titled Tuesday Blitz August 1 Early 2023"]
[White "Ordekalog"]
[Black "Dimitrov, Atanas"]
[BlackFideId "2901315"]
[WhiteElo "2523"]
[BlackElo "2723"]
[Result "1/2-1/2"]
[Round "3"]
[TimeControl "180+1"]
[Date "2023.08.01"]
[WhiteClock "0:00:12"]
[BlackClock "0:00:07"]
[Board "65"]

1. d4 Nf6 2. c4 g6 3. Nc3 d5 4. cxd5 Nxd5 5. Na4 Bg7 6. e4 Nf6 7. f3 O-O 8. Be3 b6 9. Rc1 Bb7 10. Bd3 Nbd7 11. Ne2 Rc8 12. O-O c6 13. Qd2 e5 14. Rfd1 exd4 15. Nxd4 Qe7 16. Bf1 Rfd8 17. Qf2 Ne5 18. a3 Rd7 19. Nc3 Rcd8 20. h3 c5 21. Nc2 Nd3 22. Bxd3 Rxd3 23. Rxd3 Rxd3 24. Bg5 Qd7 25. Qh4 Ne8 26. Bf4 Nc7 27. Ne1 Rd4 28. Be3 Rd6 29. Bf4 Re6 30. Rd1 Bd4+ 31. Kh1 Re8 32. Bxc7 Qxc7 33. Nb5 Qd7 34. Nxd4 cxd4 35. Qf6 Rd8 36. Nd3 Ba6 37. Kg1 Bxd3 38. Rxd3 h5 39. Kf2 Qc7 40. Rxd4 Qc2+ 41. Kg3 Rxd4 42. Qxd4 Qc1 43. h4 Qe1+ 44. Qf2 Qc1 45. Kh2 Qc7+ 46. g3 Qc4 47. Kg2 Kh7 48. Qd2 b5 49. Kf2 a6 50. Qc3 Qe6 51. Kg2 Qd6 52. Qe3 Qd1 53. Qf2 Qd3 54. e5 a5 55. Qe1 Qc2+ 56. Qf2 Qd3 57. f4 b4 58. axb4 axb4 59. Qa7 Qc2+ 60. Kh3 Qf5+ 61. Kh2 b3 62. Qb7 Qc2+ 63. Kh3 Kg8 64. Qb8+ Kg7 65. Qb7 Qf5+ 66. Kh2 Qc2+ 67. Kh3 Qxb2 68. e6 Qf6 69. e7 Qe6+ 70. f5 Qxf5+ 71. Kg2 Qc2+ 72. Kf3 b2 73. e8=Q Qf5+ 74. Ke3 b1=Q 75. Qexf7+ Qxf7 76. Qxb1 Qe6+ 77. Kf2 Qf6+ 78. Kg1 Qd4+ 79. Kg2 Qe3 80. Qb7+ Kh6 81. Qf3 Qd2+ 82. Kh3 Qd6 83. Kh2 Kg7 84. Qc3+ Qf6 85. Qc7+ Qf7 86. Qc3+ Qf6 87. Qc7+ Qf7 88. Qe5+ Qf6 89. Qc7+ 1/2-1/2


[Site "https://www.chess.com"]

[Event "Titled Tuesday Blitz August 1 Early 2023"]
[White "nycjack1"]
[Black "Ardelean, George-Catalin"]
[BlackFideId "1207091"]
[WhiteElo "2523"]
[BlackElo "2709"]
[Result "0-1"]
[Round "3"]
[TimeControl "180+1"]
[Date "2023.08.01"]
[WhiteClock "0:00:10"]
[BlackClock "0:00:33"]
[Board "66"]

1. e4 c5 2. Nf3 Nc6 3. Bb5 g6 4. O-O Bg7 5. Re1 e5 6. c3 Nge7 7. d3 O-O 8. Be3 d6 9. Bxc6 Nxc6 10. d4 exd4 11. cxd4 Bg4 12. Nbd2 cxd4 13. Bf4 Re8 14. h3 Be6 15. Nb3 d3 16. Qxd3 Bxb2 17. Rab1 Ne5 18. Qd1 Nxf3+ 19. Qxf3 Be5 20. Be3 Qf6 21. Qxf6 Bxf6 22. Red1 Red8 23. Na5 b6 24. Nb7 Rd7 25. Nxd6 Bxa2 26. Rbc1 Rad8 27. Bf4 Bb3 28. Rd3 Be6 29. e5 Be7 30. Rdc3 f6 31. Ne4 fxe5 32. Bxe5 Rd1+ 33. Rxd1 Rxd1+ 34. Kh2 Re1 35. Re3 Rxe3 36. fxe3 Kf7 37. Nd6+ Bxd6 38. Bxd6 Bd5 39. Kg3 Ke6 40. Bb8 Kd7 41. Bxa7 Kc7 42. Kh4 Bxg2 43. Kg4 Kb7 44. Bxb6 Kxb6 45. h4 h5+ 46. Kg5 Be4 47. Kf4 Bc2 48. e4 Kc5 49. Ke5 Kc4 50. Kf4 Kd4 51. Kg5 Bxe4 52. Kh6 Ke3 53. Kg5 0-1


[Site "https://www.chess.com"]

[Event "Titled Tuesday Blitz August 1 Early 2023"]
[White "Di Nicolantonio, Lucas"]
[Black "Morefield, Jason"]
[WhiteFideId "680460"]
[BlackFideId "30920825"]
[WhiteElo "2519"]
[BlackElo "2702"]
[Result "0-1"]
[Round "3"]
[TimeControl "180+1"]
[Date "2023.08.01"]
[WhiteClock "0:00:16"]
[BlackClock "0:01:27"]
[Board "67"]

1. Nf3 Nf6 2. c4 e6 3. Nc3 d5 4. e3 c6 5. b3 Nbd7 6. Bb2 b6 7. Be2 Bb7 8. Qc2 Rc8 9. d4 c5 10. cxd5 cxd4 11. Nxd4 Nxd5 12. a3 Nxc3 13. Bxc3 Bxg2 14. Rg1 Bb7 15. Nxe6 fxe6 16. Bh5+ Ke7 17. Bb4+ Nc5 18. Rd1 Qc7 19. Qc4 Qe5 20. Qh4+ Qf6 21. Qg3 e5 22. Qg4 Rd8 23. Ke2 Ba6+ 24. Ke1 g6 25. Bxc5+ bxc5 26. Rxd8 Kxd8 27. Qa4 gxh5 0-1


[Site "https://www.chess.com"]